 Dungeon Crawl Stone Soup version 0.20.1-1-g8b1a95d (webtiles) character file.

486 Peloso the Slasher (level 6, -7/48 HPs)
             Began as a Demonspawn Fighter on Oct 5, 2017.
             Killed from afar by an electric eel (14 damage)
             ... with a bolt of electricity
             ... on level 6 of the Dungeon.
             The game lasted 00:08:50 (3655 turns).

Peloso the Slasher (Demonspawn Fighter)             Turns: 3655, Time: 00:08:51

Health: -7/48      AC: 10    Str: 24    XL:     6   Next: 89%
Magic:  6/6        EV:  6    Int:  9    God:
Gold:   229        SH: 11    Dex: 12    Spells: 5/5 levels left

rFire    . . .     SeeInvis .   a - +0 long sword
rCold    . . .     Gourm    .   c - +1 shield
rNeg     . . .     Faith    .   q - +0 chain mail
rPois    .         Spirit   .   (helmet restricted)
rElec    .         Reflect  .   (no cloak)
rCorr    .         Harm     .   g - +0 pair of gloves
MR       .....                  (no boots)
Stlth    ..........             (no amulet)
Regen    0.2/turn               (no ring)
MPRegen  0.1/turn               (no ring)

@: mighty, drained
A: antennae 1, demonic guardian 1, powered by pain 2
a: no special abilities


You were on level 6 of the Dungeon.
You were hungry.

You visited 1 branch of the dungeon, and saw 6 of its levels.

You collected 229 gold pieces.

Inventory:

Hand Weapons
 a - a +0 long sword (weapon)
 x - the +2 dagger of Dominance {speed, Int+2 Dex+5 SInv}
   (You found it on level 5 of the Dungeon)

   Attacks with this weapon are significantly faster.
   It affects your intelligence (+2).
   It affects your dexterity (+5).
   It lets you see invisible.
 y - the +1 short sword of Peace {vamp, rElec rF- rN++ MR+}
   (You found it on level 5 of the Dungeon)

   It inflicts no extra harm, but heals its wielder when it wounds a living foe.
   It makes you vulnerable to fire.
   It insulates you from electricity.
   It greatly protects you from negative energy.
   It affects your resistance to hostile enchantments.
Armour
 c - a +1 shield (worn)
 g - a +0 pair of gloves (worn)
 q - a +0 chain mail (worn)
Scrolls
 j - 3 scrolls of identify
 l - a scroll of magic mapping
 o - 2 scrolls of remove curse
Potions
 d - 2 potions of might
 k - 2 potions of brilliance {unknown}
 p - 3 potions of curing
Books
 r - a book of Minor Magic

   Spells                             Type                      Level
   a - Magic Dart                     Conjuration                  1
   b - Blink                          Translocation                2
   c - Call Imp                       Summoning                    2
   d - Slow                           Hexes                        2
   e - Conjure Flame                  Conjuration/Fire             3
   f - Mephitic Cloud                 Conjuration/Poison/Air       3
 t - a book of Callings

   Spells                             Type                      Level
   a - Summon Small Mammal            Summoning                    1
   b - Call Imp                       Summoning                    2
   c - Call Canine Familiar           Summoning                    3
   d - Summon Guardian Golem          Hexes/Summoning              3
   e - Summon Lightning Spire         Summoning/Air                4
   f - Summon Ice Beast               Ice/Summoning                4
 v - a book of Flames

   Spells                             Type                      Level
   a - Flame Tongue                   Conjuration/Fire             1
   b - Throw Flame                    Conjuration/Fire             2
   c - Conjure Flame                  Conjuration/Fire             3
   d - Inner Flame                    Hexes/Fire                   3
   e - Sticky Flame                   Conjuration/Fire             4
   f - Fireball                       Conjuration/Fire             5
Comestibles
 f - 10 bread rations
 h - 3 royal jellies
 i - 3 meat rations
 s - 5 fruits


   Skills:
 + Level 4.0(3.8) Fighting
 + Level 4.5(4.3) Long Blades
 + Level 3.7(3.5) Armour
 + Level 1.1(1.0) Dodging
 + Level 4.2(4.0) Shields


You had 5 spell levels left.
You didn't know any spells.

Dungeon Overview and Level Annotations

Branches:
Dungeon (6/15)
 Temple: D:4-7

Altars:
Gozag
Makhleb
Xom
The Shining One


Innate Abilities, Weirdness & Mutations

You have a pair of small antennae on your head.
A weak demonic guardian rushes to your aid.
You sometimes gain power by taking damage.


Message History

Your quasit splashes around in the water.
Your quasit claws the plant but does no damage.
Your quasit bites the plant but does no damage.
Your quasit claws the plant but does no damage.
Your quasit splashes around in the water.
The electric eel shoots out a bolt of lightning at you!
The bolt of electricity hits you!
Your shield and chain mail prevent you from hitting the electric eel.
Your quasit bites the plant but does no damage.
Your quasit splashes around in the water.
Your quasit claws the plant but does no damage.
Your quasit bites the plant but does no damage.
Your quasit claws the plant but does no damage. x2
Unknown command.
You miss the electric eel.
Your quasit bites the plant but does no damage.
Your quasit claws the plant but does no damage. x2
The electric eel shoots out a bolt of lightning at you!
The bolt of electricity hits you!
You die...

#########
........#
.♣♣≈♣≈...#
P≈P≈≈P♣.≈♣#
P≈≈≈≈P≈.≈≈♣#
≈P≈≈P≈≈.PP≈♣##
≈≈≈≈≈≈≈.P5≈♣≈#
≈P≈≈≈≈;@≈)≈≈♣
♣≈≈≈≈≈≈.≈≈≈≈♣♣
≈♣♣♣≈≈≈.≈≈≈≈≈♣
♣≈≈≈.≈≈≈≈≈♣♣♣
♣♣≈≈.≈≈≈≈≈≈≈♣
♣≈≈.≈≈≈≈P≈≈♣♣#
♣≈≈.≈≈≈≈≈≈≈≈≈###
♣≈≈≈.≈≈≈≈P≈P♣...#
P≈P≈.≈≈≈≈P≈P#.###


You could see an electric eel and a friendly quasit.

Vanquished Creatures
  An ogre (D:4)
  An orc wizard (D:5)
  A jelly (D:5)
  A worker ant (D:4)
  A hound skeleton (D:5)
  Robin (D:4)
  5 adders
  A shadow imp (D:6)
  An ooze (D:5)
  An adder skeleton (D:4)
  A worm (D:5)
  A dart slug (D:3)
  3 leopard geckos
  11 orcs
  7 bats
  A giant cockroach (D:3)
  18 goblins
  5 hobgoblins
  3 jackals (D:5)
  8 kobolds
  2 quokkas
  A ball python skeleton (D:4)
  5 frilled lizards
  4 rats
84 creatures vanquished.

Vanquished Creatures (collateral kills)
  2 ogres
  A crimson imp (D:5)
  Jessica (D:2)
  A worker ant (D:4)
  A hound zombie (D:5)
  An orc (D:5)
  A frilled lizard (D:3)
8 creatures vanquished.

Vanquished Creatures (others)
  An orc (D:6)
1 creature vanquished.

Grand Total: 93 creatures vanquished

Notes
Turn   | Place    | Note
-------+----------+-------------------------------------------
     0 | D:1      | Peloso the Demonspawn Fighter began the quest for the Orb.
     0 | D:1      | Reached XP level 1. HP: 18/18 MP: 1/1
   264 | D:1      | Gained mutation: A weak demonic guardian rushes to your aid. [demonic ancestry]
   264 | D:1      | Reached XP level 2. HP: 24/24 MP: 2/2
   735 | D:2      | Noticed Jessica
   741 | D:2      | Killed Jessica
   741 | D:2      | Gained mutation: You have a pair of small antennae on your head. [demonic ancestry]
   741 | D:2      | Reached XP level 3. HP: 29/29 MP: 3/3
  1143 | D:3      | Found a glowing golden altar of the Shining One.
  1261 | D:3      | Gained mutation: You sometimes gain a little power by taking damage. [demonic ancestry]
  1261 | D:3      | Reached XP level 4. HP: 35/35 MP: 4/4
  1265 | D:3      | Found an opulent altar of Gozag.
  1292 | D:3      | Noticed an ogre
  1311 | D:3      | Killed an ogre
  1684 | D:4      | Gained mutation: You sometimes gain power by taking damage. [demonic ancestry]
  1684 | D:4      | Reached XP level 5. HP: 40/41 MP: 5/5
  1702 | D:4      | Noticed an ogre
  1709 | D:4      | Killed an ogre
  1923 | D:4      | Noticed Robin
  1933 | D:4      | Reached skill level 1 in Dodging
  1967 | D:4      | Killed Robin
  2227 | D:4      | Noticed an ogre
  2233 | D:4      | Killed an ogre
  2233 | D:4      | Reached XP level 6. HP: 29/47 MP: 6/6
  2806 | D:5      | Entered Level 5 of the Dungeon
  3242 | D:5      | Got a smoking dagger
  3271 | D:5      | Got a smoking short sword
  3272 | D:5      | Identified the +2 dagger of Dominance {speed, Int+2 Dex+5 SInv} (You found it on level 5 of the Dungeon)
  3273 | D:5      | Identified the +1 short sword of Peace {vamp, rElec rF- rN++ MR+} (You found it on level 5 of the Dungeon)
  3312 | D:5      | Found a burning altar of Makhleb.
  3313 | D:5      | Found a shimmering altar of Xom.
  3655 | D:6      | Killed from afar by an electric eel

Skill      XL: |  1  2  3  4  5  6 |
---------------+-------------------+-----
Armour         | 3 |  3.7
Long Blades    | 2 3 4 |  4.5
Shields        | 3 4 |  4.2
Dodging        | 1 |  1.1
Fighting       | 4 |  4.0

Action                   |  1- 3 |  4- 6 || total
-------------------------+-------+-------++-------
Melee: Long sword        |   115 |   255 ||   370
  Use: Scroll            |       |    10 ||    10
  Eat: Chunk             |     1 |     8 ||     9
Armor: Scale mail        |    48 |    19 ||    67
       Chain mail        |       |    92 ||    92
Dodge: Dodged            |    33 |    55 ||    88
Block: Shield            |    50 |   145 ||   195
       Rpst.: Long sword |    12 |    21 ||    33
